 Dungeon Crawl Stone Soup version 0.32-a0-290-g598725c5f2 (webtiles) character file.

Game seed: 12938412656607806010

14 Bravepunisher the Ducker (level 2, -11/16 HPs)
             Began as a Spriggan Monk on Feb 13, 2024.
             Mangled by an ogre
             ... wielding a +0 giant spiked club
              (19 damage)
             ... on level 4 of the Dungeon.
             The game lasted 00:03:21 (623 turns).

Bravepunisher the Ducker (Spriggan Monk)             Turns: 623, Time: 00:03:22

Health: -11/16     AC:  2    Str:  7    XL:     2   Next: 31%
Magic:  3/3        EV: 19    Int: 11    God:
Gold:   38         SH:  0    Dex: 17    Spells: 1/1 levels left

rFire   . . .        a - +0 short sword
rCold   . . .        (no shield)
rNeg    . . .        b - +0 robe
rPois   .            (helmet restricted)
rElec   .            (no cloak)
rCorr   .            (gloves unavailable)
SInv    +            (boots unavailable)
Will    .....        (no amulet)
Stlth   ++           (no ring)
HPRegen 0.22/turn    (no ring)
MPRegen 0.08/turn

%: no passive effects
@: very quick
A: very small, no large weapons, unfitting armour, see invisible, speed 3
a: no special abilities


You were on level 4 of the Dungeon.
You visited 1 branch of the dungeon, and saw 5 of its levels.

You collected 38 gold pieces.

Inventory:

Hand Weapons
 a - a +0 short sword (weapon)
Armour
 b - a +0 robe (worn)
Jewellery
 h - a +6 ring of intelligence
Wands
 j - a wand of iceblast (8)
Scrolls
 d - 2 scrolls of fog {unknown}
 e - a scroll of poison {unknown}
 f - a scroll of immolation {unknown}
Potions
 c - a potion of ambrosia
 g - a potion of cancellation {unknown}
 i - a potion of mutation {unknown}


   Skills:
 + Level 2.6 Fighting
 - Level 3.2 Short Blades
 * Level 4.7 Dodging


You had one spell level left.
You didn't know any spells.
Your spell library contained the following spells:

 Spells                   Type           Power      Damage    Failure   Level
 Shock                    Conj/Air       0%         1d3       34%         1
 Swiftness                Air            0%         N/A       71%         3
 Airstrike                Air            0%         2d(0-16)  98%         4


Dungeon Overview and Level Annotations

Branches:
Dungeon (5/15)
 Temple: D:4-7

Altars:
Uskayaw

Portals:
Sewer: D:3

Annotations:
D:3 Jessica
D:4 Edmund


Innate Abilities, Weirdness & Mutations

You are very small and have problems with some larger weapons.
You are too small for most types of armour.
You have supernaturally acute eyesight. (SInv)
You cover ground extremely quickly. (Speed+++)


Message History

The adder attacks as it pursues you! The adder closely misses you.
Edmund grinds his teeth, and then sighs.
Found a cloak.
Edmund says, "A flail is better than a scythe, any day of the week!"
Found a stone staircase leading up.
Found 22 gold pieces.
Found a robe.
Found 13 gold pieces and a scroll labelled JATUZX DUBO.
Found a robe and a tapered wooden wand.
A bombardier beetle comes into view.
An endoplasm comes into view.
Found a scroll labelled YSTRUO HIRYV.
The endoplasm quivers.
The bombardier beetle sprays incendiary fluid at you.
The burning spray misses you. The adder misses you. The adder misses you.
Found an orange potion.
A ball python comes into view.
Found a dagger.
Edmund attacks as he pursues you! Edmund closely misses you.
The ball python hisses angrily.
You see here a +0 cloak.
An iguana comes into view.
Found a scroll labelled KEICWYTIDE.
A quokka comes into view.
A dart slug comes into view.
The dart slug launches a dart at you. The slug dart hits you.
The quokka completely misses you.
You barely miss the ball python. The ball python bites you.
The ball python grabs you. The ball python constricts you.
The iguana bites you. The quokka bites you.
You escape the ball python's grasp.
The iguana completely misses you. The ball python completely misses you.
The ball python misses you. The endoplasm misses you.
The iguana barely misses you. The ball python closely misses you.
The ball python grabs you. The ball python constricts you.
You escape the ball python's grasp.
The ogre hits you with a +0 giant spiked club!!
Ouch! That really hurt!
You die...

#.........# #.........# ###
#.....w...# #..# #####
#.........# #..# #....
#.........# #..# #....
#.......r.# #..# #$...
#...?..lS.# #..# #./..
#.........####.# #....
#......@OJoS...# ###..
#.........@#.#.# ###.
##########S#...###....
#.J.#.#...# ##).#.S.###
############## ##.#[!...# ##
##.....##.$...####.#..##.####.
##..............##...S.........
#................SO..####.#..##


You could see Edmund, an ogre, an iguana, 2 adders, a dart slug, an orc, 2
endoplasms, a quokka and a ball python.

Vanquished Creatures
  2 bats
  2 endoplasms (D:1)
  A goblin (D:3)
  A hobgoblin (D:1)
  A frilled lizard (D:3)
  A rat (D:3)
8 creatures vanquished.

Notes
Turn   | Place    | Note
-------+----------+-------------------------------------------
     0 | D:1      | Bravepunisher the Spriggan Monk began the quest for the
                  | Orb.
     0 | D:1      | Reached XP level 1. HP: 11/11 MP: 2/2
    76 | D:1      | Reached XP level 2. HP: 16/16 MP: 3/3
   305 | D:3      | Noticed a bombardier beetle
   345 | D:3      | Noticed Jessica
   363 | D:3      | Found a glowing drain.
   476 | D:5      | Entered Level 5 of the Dungeon
   476 | D:5      | Noticed a black bear
   486 | D:4      | Found a hide-covered altar of Uskayaw.
   551 | D:4      | Noticed an ogre
   553 | D:4      | Noticed Edmund
   587 | D:4      | Noticed a bombardier beetle
   623 | D:4      | Mangled by an ogre

Illustrated notes

Levels and vault maps discovered:
D:1:      mushboom_english_gardens, layout_basic,
          shapermc_ecumenical_altar_mp_vishouse
D:2:      layout_basic, minmay_strange_pillars, serial_bayou_ford_a,
          amcnicky_mini_corridor_feature, cheibrodos_gnoll_hut
D:3:      layout_rooms, cheibrodos_sewer_entry_bend, minmay_fountain_box,
          uniq_jessica
D:4:      layout_rooms, kennysheep_mini_moat, uniq_edmund
D:5:      layout_rooms, minmay_temple_entry_junction_2,
          gammafunk_ghost_nasty_kobolds

Action                     || total
---------------------------++-------
  Melee: Short sword       ||    48
   Stab: Sleeping          ||     1
 Armour: Robe              ||    34
  Dodge: Dodged            ||   101

Table legend: (Time is in decaauts)
 A = Elapsed time spent in this place.
 B = Non-inter-level travel time spent in this place.
 C = Inter-level travel time spent in this place.
 D = Time resting spent in this place.
 E = Time spent auto-exploring this place.
 F = Levels seen in this place.
 G = Mean time per level.
                   A        B        C        D        E       F      G
               +--------+--------+--------+--------+--------+-----+--------+
         Total |    402 |    402 |      0 |      0 |     73 |   5 |   80.4 |
       Dungeon |    402 |    402 |      0 |      0 |     73 |   5 |   80.4 |
               +--------+--------+--------+--------+--------+-----+--------+

Top non-repeatable levels by time:
     D:2: 109 daAuts
     D:3: 107 daAuts
     D:1: 81 daAuts
     D:4: 73 daAuts
     D:5: 29 daAuts
